 Dungeon Crawl Stone Soup version 0.31-a0-426-g3a05650e59 (webtiles) character file.

Game seed: 11246457495633361386

44 CraigForest the Covered (level 3, 0/24 HPs)
             Began as a Gargoyle Fighter on July 31, 2023.
             Slain by Crazy Yiuf
             ... wielding a +2 quarterstaff of chaos
              (12 damage)
             ... on level 2 of the Dungeon.
             The game lasted 00:04:40 (1252 turns).

CraigForest the Covered (Gargoyle Fighter)          Turns: 1252, Time: 00:04:41

Health: 0/24       AC: 14    Str: 21    XL:     3   Next: 60%
Magic:  3/3        EV:  9    Int:  8    God:
Gold:   91         SH:  4    Dex:  9    Spells: 2/2 levels left

rFire   . .          .
                       - Unarmed
rCold   . . .        b - +0 buckler
rNeg    + . .        a - +0 scale mail
rPois   ∞            (no helmet)
rElec   +            (no cloak)
rCorr   .            (no gloves)
SInv    .            (no boots)
Will    .....        (no amulet) Stlth
                     d - +4 ring of protection
HPRegen 0.24/turn    (no ring)
MPRegen 0.08/turn

%: no passive effects
@: no status effects
A: sickness immunity, AC +3, negative energy resistance 1, electricity
resistance, torment resistance 1, petrification resistance
a: no special abilities


You were on level 2 of the Dungeon.
You visited 1 branch of the dungeon, and saw 2 of its levels.

You collected 91 gold pieces.

Inventory:

Hand Weapons
 h - a +0 hand axe
Missiles
 g - 9 poisoned darts (quivered)
 i - 5 javelins
Armour
 a - a +0 scale mail (worn)
 b - a +0 buckler (worn)
Jewellery
 d - a +4 ring of protection (left hand)
 e - a ring of flight
 l - a +6 ring of strength
Scrolls
 f - a scroll of identify
 j - a scroll of blinking {unknown}
 m - a scroll of brand weapon {unknown}
Potions
 c - a potion of might
 k - a potion of brilliance {unknown}


   Skills:
 + Level 3.7 Fighting
 + Level 3.8 Armour
 + Level 0.2 Dodging
 + Level 3.7 Shields
 + Level 2.4 Unarmed Combat


You had 2 spell levels left.
You didn't know any spells.
Your spell library contained the following spells:

 Spells                   Type           Power      Damage    Failure   Level
 Lesser Beckoning         Tloc           0%         N/A       91%         2
 Gell's Gravitas          Tloc           0%         N/A       99%         3
 Inner Flame              Hex/Fire       0%         N/A       99%         3
 Stone Arrow              Conj/Erth      0%         3d7       99%         3
 Teleport Other           Tloc           0%         N/A       99%         3
 Animate Armour           Summ/Erth      0%         N/A       100%        4
 Flame Wave               Conj/Fire      0%         2d4       100%        4
 Sticky Flame             Conj/Fire      0%         2d3       100%        4
 Lehudib's Crystal Spear  Conj/Erth      0%         10d2      100%        8


Dungeon Overview and Level Annotations

Branches:
Dungeon (2/15)

Altars:

Annotations:
D:2 Crazy Yiuf


Innate Abilities, Weirdness & Mutations

You are immune to sickness and miasma.
Your stone body is resilient. (AC +3)
You are immune to poison.
You resist negative energy. (rN+)
You are resistant to electric shocks. (rElec)
You are resistant to unholy torment.
You are immune to petrification.


Message History

You hit the bat.
The bat is severely wounded.
The bat barely misses you.
You miss the bat.
The bat is severely wounded.
The bat closely misses you.
You hit the bat.
You kill the bat!
No target in view!
You now have 70 gold pieces (gained 5).
l - a +6 ring of strength No target in view!
You now have 82 gold pieces (gained 12).
m - a scroll labelled NUAPRAX ISMY You open the door.
A goblin comes into view. It is wielding a +0 club.
The goblin shouts!
There is an open door here.
You barely miss the goblin. The goblin closely misses you.
You hit the goblin.
You kill the goblin!
No target in view!
No target in view!
You now have 91 gold pieces (gained 9).
You see here a +0 club.
Found a hammer.
Found a runed translucent door.
You open the door.
Crazy Yiuf whimpers, "Proton tortoise mobile!"
You hit Crazy Yiuf.
Crazy Yiuf is lightly wounded.
Crazy Yiuf hits you with a +2 quarterstaff of chaos!
Crazy Yiuf burns you.
You hit Crazy Yiuf but do no damage.
Crazy Yiuf is lightly wounded.
You block Crazy Yiuf's attack.
You hit Crazy Yiuf.
Crazy Yiuf is moderately wounded.
Crazy Yiuf hits you with a +2 quarterstaff of chaos!
Ouch! That really hurt!
You die...

### #.# ##### #.#
##'## #...###.# ##...#
#.#.....# ##..).#
######### ##.....#
##......##♣♣♣♣♣
.'.......#..♣.♣♣♣ ###
##...........♣..♣#...#
##.........♣♣♣♣@g...#
##.....#.♣♣ ♣♣#..)#
##...##♣♣ ### ##'## #.
#. ..


You could see Crazy Yiuf.

Vanquished Creatures
  2 dart slugs (D:1)
  4 ball pythons (D:1)
  5 bats
  4 endoplasms
  7 goblins
  3 hobgoblins (D:1)
  2 quokkas (D:1)
  A frilled lizard (D:1)
  4 kobolds (D:1)
  3 rats (D:1)
35 creatures vanquished.

Notes
Turn   | Place    | Note
-------+----------+-------------------------------------------
     0 | D:1      | CraigForest the Gargoyle Fighter began the quest for the
                  | Orb.
     0 | D:1      | Reached XP level 1. HP: 14/14 MP: 1/1
   198 | D:1      | Reached XP level 2. HP: 19/19 MP: 2/2
   483 | D:1      | Reached XP level 3. HP: 23/23 MP: 3/3
  1245 | D:2      | Found a runed translucent door.
  1246 | D:2      | Noticed Crazy Yiuf
  1252 | D:2      | Slain by Crazy Yiuf

Illustrated notes

Levels and vault maps discovered:
D:1:      ebering_hopf_link, layout_basic
D:2:      layout_loops_corners, nicolae_concentric_dashed_squares_wild,
          uniq_crazy_yiuf_cottage

Action                     || total
---------------------------++-------
  Melee: Unarmed           ||   122
  Throw: Dart              ||    16
    Use: Scroll            ||     1
 Armour: Scale mail        ||    63
  Dodge: Dodged            ||    48
  Block: Buckler           ||    18

Table legend: (Time is in decaauts)
 A = Elapsed time spent in this place.
 B = Non-inter-level travel time spent in this place.
 C = Inter-level travel time spent in this place.
 D = Time resting spent in this place.
 E = Time spent auto-exploring this place.
 F = Levels seen in this place.
 G = Mean time per level.
                   A        B        C        D        E       F      G
               +--------+--------+--------+--------+--------+-----+--------+
         Total |   1252 |   1161 |     91 |      0 |    896 |   2 |  626.0 |
       Dungeon |   1252 |   1161 |     91 |      0 |    896 |   2 |  626.0 |
               +--------+--------+--------+--------+--------+-----+--------+

Top non-repeatable levels by time:
     D:1: 980 daAuts
     D:2: 271 daAuts
